 Dungeon Crawl Stone Soup version 0.21.1-1-g345015fe64 (webtiles) character file.

75 Ivernyr the Charmwright (level 4, 10/34 HPs)
             Began as a Demonspawn Skald on Apr 27, 2018.
             Quit the game on level 2 of the Dungeon.
             The game lasted 00:03:29 (1743 turns).

Ivernyr the Charmwright (Demonspawn Skald)          Turns: 1743, Time: 00:03:30

Health: 10/34      AC:  3    Str: 11    XL:     4   Next: 11%
Magic:  4/7        EV: 12    Int: 14    God:
Gold:   85         SH:  0    Dex: 14    Spells: 2/7 levels left

rFire    . . .     SeeInvis .   a - +0 falchion
rCold    . . .     Gourm    .   (no shield)
rNeg     . . .     Faith    .   b - +0 leather armour
rPois    .         Spirit   .   (no helmet)
rElec    .         Reflect  .   (no cloak)
rCorr    .         Harm     .   (no gloves)
MR       .....                  (no boots)
Stlth    +.........             (no amulet)
HPRegen  0.11/turn              (no ring)
MPRegen  0.10/turn              (no ring)

@: no status effects
A: hooves 1, rot immunity
a: no special abilities


You were on level 2 of the Dungeon.
You were hungry.

You visited 1 branch of the dungeon, and saw 2 of its levels.

You collected 85 gold pieces.

Inventory:

Hand Weapons
 a - a +0 falchion (weapon)
Armour
 b - a +0 leather armour (worn)
Scrolls
 e - a scroll of identify
 f - a scroll of remove curse
 g - a scroll of teleportation
 i - a scroll of enchant weapon
Potions
 h - 2 potions of agility
 j - a potion of resistance
Books
 c - a book of Battle

   Spells                             Type                      Level
   a - Infusion                       Charms                       1
   b - Shroud of Golubria             Charms/Translocation         2
   c - Song of Slaying                Charms                       2
   d - Spectral Weapon                Hexes/Charms                 3
   e - Regeneration                   Charms/Necromancy            3
Comestibles
 d - 4 rations


   Skills:
 + Level 2.6 Fighting
 + Level 2.3 Long Blades
 * Level 2.3 Armour
 - Level 1.7 Dodging
 - Level 2.0 Spellcasting
 + Level 3.1 Charms


You had 2 spell levels left.
You knew the following spells:

 Your Spells              Type           Power        Failure   Level  Hunger
a - Shroud of Golubria    Chrm/Tloc      #.........   24%         2    ###....
b - Song of Slaying       Chrm           ##......     13%         2    ###....
c - Infusion              Chrm           ##..         9%          1    ##.....


Dungeon Overview and Level Annotations

Branches:
Dungeon (2/15)

Altars:


Innate Abilities, Weirdness & Mutations

You have large cloven feet.
You are immune to rotting.


Message History

* * * LOW HITPOINT WARNING * * *
You hit the hobgoblin.
You kill the hobgoblin!
The goblin no longer looks unusually strong.
All of the chunks of flesh in your inventory have rotted away.
You closely miss the goblin.
You are feeling hungry.
The goblin hits you but does no damage.
You hit the goblin.
The goblin is severely wounded.
The goblin hits you but does no damage. The goblin closely misses you.
You riposte.
You barely miss the goblin.
The goblin is severely wounded.
You slash the goblin!
You kill the goblin!
You hit the goblin.
You kill the goblin!
Your song has ended.
Items here: ( )))) [[ ††††† Are you sure you want to abandon this character and quit the game? (Confirm with "yes".)

...............#....#...
........................
......................>.
g######..#..###..##.#.#.##...
gggg.............##.#.#.###..
#..(..........#)#.# #..
#.................# ##.
#######..##.####.##.#.######.
............@).†.............
#######..##.####.####.#######
#..##...........#
#..##.####.####.# ####### ###
###


There were no monsters in sight!

Vanquished Creatures
  Robin (D:2)
  An ooze (D:1)
  A worm (D:2)
  A dart slug (D:1)
  3 orcs (D:2)
  A giant cockroach (D:1)
  13 goblins
  11 hobgoblins
  3 jackals (D:1)
  4 bats (D:1)
  6 frilled lizards
  2 kobolds (D:2)
  4 rats
51 creatures vanquished.

Notes
Turn   | Place    | Note
-------+----------+-------------------------------------------
     0 | D:1      | Ivernyr the Demonspawn Skald began the quest for the Orb.
     0 | D:1      | Reached XP level 1. HP: 16/16 MP: 3/3
    88 | D:1      | Reached skill level 1 in Armour
   381 | D:1      | Gained mutation: You have large cloven feet. [demonic ancestry]
   381 | D:1      | Reached XP level 2. HP: 19/22 MP: 5/5
   558 | D:1      | Learned a level 2 spell: Song of Slaying
   561 | D:1      | Learned a level 2 spell: Shroud of Golubria
  1005 | D:1      | Reached XP level 3. HP: 27/28 MP: 6/6
  1138 | D:1      | Reached skill level 3 in Charms
  1708 | D:2      | Noticed Robin
  1734 | D:2      | Killed Robin
  1734 | D:2      | Gained mutation: You are immune to rotting. [demonic ancestry]
  1734 | D:2      | Reached XP level 4. HP: 14/34 MP: 3/7
  1743 | D:2      | Quit the game

Skill      XL: |  1  2  3 |
---------------+----------+-----
Armour         | 1 2 |  2.3
Long Blades    | 2 |  2.3
Charms         | 3 |  3.1
Fighting       | |  2.6
Dodging        | |  1.7
Spellcasting   | |  2.0

Action                   |  1- 3 |  4- 6 || total
-------------------------+-------+-------++-------
Melee: Falchion          |   139 |     6 ||   145
       Kick              |    22 |       ||    22
 Cast: Shroud of Golubri |     5 |       ||     5
       Song of Slaying   |     2 |       ||     2
  Use: Scroll            |     6 |       ||     6
  Eat: Chunk             |     3 |       ||     3
Armor: Leather armour    |    35 |     2 ||    37
Dodge: Dodged            |   111 |     1 ||   112
       Rpst.: Falchion   |    34 |     1 ||    35
